 Dungeon Crawl Stone Soup version 0.20.0-8-g6b59dc7 (webtiles) character file.

642456 Jerry the Executioner (level 27, 0/265 (266) HPs)
             Began as a Hill Orc Fighter on June 1, 2017.
             Was a Priest of Kikubaaqudgha.
             Splashed by the Royal Jelly's acid (3 damage)
             ... on level 5 of the Pits of Slime.
             The game lasted 05:29:03 (76777 turns).

Jerry the Executioner (Hill Orc Fighter)           Turns: 76777, Time: 05:29:03

HP:   0/265 (266)   AC: 21    Str: 38    XL:     27
MP:   38/38         EV: 24    Int: 13    God:    Kikubaaqudgha [***...]
Gold: 1270          SH:  0    Dex: 21    Spells: 8/48 levels left

rFire    + . .     SeeInvis +   w - +9 battleaxe (elec)
rCold    + + .     Gourm    .   (shield currently unavailable)
rNeg     + . .     Faith    .   b - +14 plate armour "Gieqima" {rElec Dex+3 SInv Stlth-}
rPois    .         Spirit   .   (helmet restricted)
rElec    +         Reflect  .   o - +2 cloak of the Monkey {rC+ Regen+ Str+3}
rCorr    +         Harm     .   E - +2 pair of gloves {Dex+3}
MR       +++++     Clarity  +   T - +2 pair of boots {run}
Stlth    ..........             m - amulet of the Four Winds {rN+ MR+++ Clar}
Regen    1.0/turn               x - ring of Uruxt {rCorr rElec Dex+3}
MPRegen  0.3/turn               e - ring "Dufyrug" {rF+ rC+ AC-2 Str+3 Slay+2 SInv}

@: mighty, corroded, hasted, very quick
A: antennae 1, talons 1, strong 1, sturdy frame 1
}: 3/15 runes: serpentine, barnacled, silver
a: Receive Corpses, Renounce Religion


You were on level 5 of the Pits of Slime.
You worshipped Kikubaaqudgha.
Kikubaaqudgha was most pleased with you.
You were not hungry.

You visited 11 branches of the dungeon, and saw 53 of its levels.
You visited the Abyss 1 time.
You visited 1 bazaar.
You also visited: Sewer and Volcano.

You collected 33062 gold pieces.
You spent 12657 gold pieces at shops.
You paid 19135 gold pieces to Gozag.

Inventory:

Hand Weapons
 w - a +9 battleaxe of electrocution (weapon)
 M - the +6 shillelagh "Devastator" {shatter}
   (You found it on level 7 of the Dungeon)
Armour
 b - the +14 plate armour "Gieqima" (worn) {rElec Dex+3 SInv Stlth-}
   (You found it on level 3 of the Crypt)

   It affects your dexterity (+3).
   It insulates you from electricity.
   It lets you see invisible.
   It makes you less stealthy.
 o - the +2 cloak of the Monkey (worn) {rC+ Regen+ Str+3}
   (You bought it in a shop on level 5 of the Vaults)

   It affects your strength (+3).
   It protects you from cold.
   It increases your rate of regeneration.
 t - a +2 pair of boots of flying
 E - a +2 pair of gloves of dexterity (worn)
 I - the +3 helmet of Narcissism {+Fly rPois Dex+3}
   (You found it on level 2 of the Depths)

   It affects your dexterity (+3).
   It protects you from poison.
   It lets you fly.
 O - the cursed +0 cloak of the Invisible Hand {*Drain rCorr Int+4}
   (You bought it in a shop on level 2 of the Elven Halls)

   It affects your intelligence (+4).
   It protects you from acid and corrosion.
   It causes draining when unequipped.
   It has a curse placed upon it.
 T - a +2 pair of boots of running (worn)
Jewellery
 e - the ring "Dufyrug" (right hand) {rF+ rC+ AC-2 Str+3 Slay+2 SInv}
   (You bought it in a shop on level 4 of the Lair of Beasts)

   [ring of protection]

   It affects your AC (-2).
   It affects your strength (+3).
   It affects your accuracy and damage with ranged weapons and melee attacks
   (+2).
   It protects you from fire.
   It protects you from cold.
   It lets you see invisible.
 m - the amulet of the Four Winds (around neck) {rN+ MR+++ Clar}
   (You bought it in a shop on level 4 of the Lair of Beasts)

   [amulet of nothing]

   It protects you from negative energy.
   It affects your resistance to hostile enchantments.
   It protects you against confusion.
 u - the ring "Acsor" {rPois rF++ rC+ Stlth+}
   (You bought it in a shop on level 5 of the Vaults)

   [ring of poison resistance]

   It greatly protects you from fire.
   It protects you from cold.
   It protects you from poison.
   It makes you more stealthy.
 x - the ring of Uruxt (left hand) {rCorr rElec Dex+3}
   (You bought it in a shop on level 5 of the Vaults)

   [ring of resist corrosion]

   It affects your dexterity (+3).
   It insulates you from electricity.
Wands
 R - a wand of digging (9/24)
Scrolls
 i - 30 scrolls of remove curse
 l - 20 scrolls of teleportation
 q - 7 scrolls of fog
 y - 7 scrolls of fear
 A - 7 scrolls of magic mapping
 C - a scroll of amnesia
 D - 11 scrolls of recharging
 K - 5 scrolls of blinking
 L - 7 scrolls of enchant armour
Potions
 d - a potion of might
 g - 22 potions of curing
 j - 4 potions of magic
 k - 4 potions of resistance
 n - 4 potions of cancellation
 p - a potion of haste
 r - 18 potions of heal wounds
 s - 8 potions of mutation
 z - 13 potions of brilliance
 B - 5 potions of ambrosia
 F - 8 potions of flight
 G - 3 potions of agility
 P - 3 potions of invisibility
Comestibles
 f - 26 bread rations
 h - a meat ration
 H - 5 royal jellies


   Skills:
 - Level 25.0 Fighting
 - Level 25.5(26.4) Axes
 - Level 12.0(18.4) Maces & Flails
 - Level 24.7 Armour
 * Level 18.1 Dodging
   Level 5.4 Shields
 + Level 11.4 Spellcasting
 + Level 6.6 Summonings
 + Level 10.2 Necromancy
 - Level 10.3 Translocations


You had 8 spell levels left.
You knew the following spells:

 Your Spells              Type           Power        Failure   Level  Hunger
a - Blink                 Tloc           N/A          1%          2    None
b - Death Channel         Necr           ####......   41%         6    ######.
c - Apportation           Tloc           ####..       1%          1    None
f - Lesser Beckoning      Tloc           ####......   1%          3    #......
g - Passage of Golubria   Tloc           N/A          2%          4    ###....
h - Gell's Gravitas       Tloc           ####......   1%          3    #......
i - Shroud of Golubria    Chrm/Tloc      ###.......   3%          2    None
j - Aura of Abjuration    Summ           ###.......   34%         5    #####..
k - Sublimation of Blood  Necr           ####......   1%          2    None
l - Regeneration          Chrm/Necr      ###.......   7%          3    #......
m - Summon Forest         Summ/Tloc      ####......   17%         5    #####..
n - Animate Dead          Necr           N/A          2%          4    ###....


Dungeon Overview and Level Annotations

Branches:
Dungeon (15/15)            Temple (0/1) D:6            Lair (6/6) D:9
 Shoals (4/4) Lair:3        Snake (4/4) Lair:2        Slime (5/5) Lair:6
    Orc (2/2) D:11            Elf (3/3) Orc:2        Vaults (5/5) D:14
  Crypt (3/3) Vaults:3       Tomb (0/3) Crypt:3      Depths (5/5) D:15
   Hell (1/1)                 Dis (0/7) Hell            Geh (0/7) Hell
    Coc (0/7) Hell            Tar (0/7) Hell            Zot (0/5) Depths:5

Altars:
Ashenzari
Gozag
Kikubaaqudgha
Okawaru
Ru
Xom
Yredelemnul
Zin
The Shining One
Beogh
Jiyva

Shops:
D:11 [   D:13 [(   D:14 }[*[   Orc:2 =(:==   Elf:1 [[*[:   Elf:2 ([[[   Elf:3 ?
Lair:3 =   Lair:4 ==   Shoals:1 (   Vaults:3 (   Vaults:5 [=   Depths:5 ?**

Portals:
Hell: Depths:1 Depths:2 Depths:3 Depths:4 Depths:5
Abyss: Depths:1 Depths:2 Depths:3 Depths:4
Pandemonium: Depths:3
Ziggurat: Depths:2

Annotations:
Slime:5 Royal Jelly


Innate Abilities, Weirdness & Mutations

You have a pair of small antennae on your head.
You have sharp toenails.
Your muscles are strong. (Str +2)
Your movements are slightly less encumbered by armour. (ER -2)


Message History

The acid blob spits acid at you. The splash of acid hits you!
You are splashed with acid!
The acid burns!
You resist.
* * * LOW HITPOINT WARNING * * *
The acid blob spits acid at you. The splash of acid hits you!
You are splashed with acid!
The acid burns!
You resist.
* * * LOW HITPOINT WARNING * * *
There is a stone staircase leading up here.
The Royal Jelly barely misses you.
The Royal Jelly hits you but does no damage.
The Royal Jelly hits you!!!
* * * LOW HITPOINT WARNING * * *
You are splashed with acid!
The acid burns!
You resist.
* * * LOW HITPOINT WARNING * * *
The Royal Jelly hits you.
* * * LOW HITPOINT WARNING * * *
The acid corrodes you!
You are splashed with acid!
The acid burns!
You resist.
You die...
Kikubaaqudgha rasps: "You have failed me!
Welcome... death!"

..########..####
.....#..#...#..##
................##
.................##
..................##
...................#
..................#
..................####
................@....####
................J....#..##
.........................##
..........................##
................J..........# ##
................J.........###.#
#..#.#..........J.............#
####.####.......J...........###
..# ##.................#.#


You could see the Royal Jelly (berserk), 3 acid blobs and a slime creature
(berserk).

Vanquished Creatures
  Dissolution (Slime:4)
  Mara (Snake:3)
  2 ancient liches
  2 juggernauts
  Boris (Vaults:2)
  Margery (Depths:3)
  Vashnia (Snake:3)
  Saint Roka (Snake:4)
  A caustic shrike (Depths:3)
  Geryon (Hell)
  Nikola (Snake:1)
  the Enchantress (Depths:3)
  4 golden dragons
  3 bone dragons
  Jorgrun (Depths:3)
  6 tentacled monstrosities
  Rupert (Lair:5)
  A shard shrike zombie (Crypt:3)
  3 liches
  Asterion (Snake:1)
  10 acid blobs
  2 deep elf master archers (Elf:3)
  2 deep elf blademasters (Elf:3)
  3 quicksilver dragons
  Murray (Depths:1)
  2 krakens (Shoals:4)
  A titan (Vaults:5)
  9 ancient champions
  A tentacled starspawn (Abyss:2)
  Gastronok (Lair:1)
  6 sphinxes
  7 tengu reavers
  6 storm dragons
  6 shadow dragons
  2 daevas (Depths:2)
  Ilsuiw (Shoals:4)
  4 revenants
  Roxanne (Snake:1)
  A draconian monk (Depths:5)
  6 fire giants
  7 nagarajas
  11 frost giants
  12 deep elf sorcerers
  21 vault wardens
  4 azure jellies
  2 balrugs
  Louise (Elf:1)
  A draconian scorcher (Depths:5)
  Aizul (Snake:3)
  4 iron dragons
  A curse skull (Crypt:3)
  4 deep elf elementalists
  17 ironheart preservers
  3 war gargoyles
  4 reapers
  24 stone giants
  2 entropy weavers
  28 very ugly things
  11 ghouls
  3 spriggan defenders (Depths:3)
  8 vampire knights
  2 green draconians (Depths:5)
  7 deep elf demonologists
  8 deep elf annihilators
  The ghost of crossborder the Basher, a journeyman GrMo of Zin (Orc:2)
  A lorocyproca (Depths:1)
  2 white draconians (Depths:5)
  20 spark wasps
  A black draconian (Depths:5)
  A yellow draconian (Depths:5)
  A purple draconian (Depths:5)
  12 deep elf death magi
  A spectral quicksilver dragon (Crypt:3)
  2 crystal guardians
  4 eidola
  A mummy priest (Crypt:2)
  An ettin (shapeshifter) (Depths:4)
  2 death oozes (Slime:5)
  13 fire dragons
  2 blizzard demons
  5 ettins
  10 merfolk javelineers
  13 ogre magi
  7 merfolk impalers
  10 great orbs of eyes
  33 vault guards
  6 hydras
  8 deep elf high priests
  4 spriggan air magi
  Erolcha (Orc:1)
  A spectral shadow dragon (Crypt:3)
  27 yaktaur captains
  A catoblepas (shapeshifter) (Vaults:5)
  9 ice dragons
  2 catoblepae
  7 rakshasas
  5 anacondas
  2 merfolk avatars
  14 naga warriors
  13 centaur warriors
  3 alligator snapping turtles
  A queen ant (Lair:2)
  2 alligators (D:13)
  6 death knights
  4 merfolk aquamancers
  A spectral stone giant (Crypt:3)
  The ghost of loom the Destroyer, a journeyman GrEE of Vehumet (Lair:2)
  9 deep troll shamans
  6 deep troll earth magi
  4 starcursed masses (Abyss:2)
  39 two-headed ogres
  3 death yaks (Lair:6)
  13 hell hogs
  Erica (Lair:2)
  2 satyrs
  9 tengu warriors
  A queen ant (shapeshifter) (Depths:5)
  A titan zombie (Crypt:2)
  23 dancing weapons
  2 storm dragon zombies
  A thrashing horror (Abyss:2)
  4 spriggan berserkers
  2 vampire magi
  28 naga sharpshooters
  5 shock serpents
  A shock serpent (shapeshifter) (D:15)
  7 soul eaters
  5 orc high priests
  21 deep elf knights
  Sonja (Lair:1)
  6 sun demons
  A wretched star (Abyss:2)
  2 fire crabs (shapeshifter)
  5 iron trolls
  24 shadow wraiths
  21 hell knights
  A salamander mystic (Snake:3)
  34 skeletal warriors
  A spatial maelstrom (Abyss:2)
  A fire crab (Volcano)
  8 glowing orange brains
  8 sea snakes
  A storm dragon skeleton (Crypt:2)
  A shadow dragon zombie (Crypt:3)
  6 large abominations (Abyss:2)
  3 wizards
  An infernal demonspawn (Depths:3)
  A lindwurm (Lair:6)
  A spectral anaconda (Crypt:3)
  5 naga ritualists
  3 unseen horrors
  24 deep elf archers
  28 deep trolls
  2 lindwurms (shapeshifter)
  A swamp dragon (shapeshifter) (Vaults:3)
  12 flayed ghosts
  31 harpies
  An anaconda skeleton (Hell)
  65 deep elf magi
  22 phantasmal warriors
  2 wolf spider zombies
  17 ironbrand convokers
  16 orc knights
  13 fauns
  A frost giant zombie (Vaults:4)
  7 necromancers
  A spectral alligator (Crypt:3)
  6 wolf spiders
  51 ugly things
  11 mana vipers
  2 stone giant zombies
  A spectral fire dragon (Crypt:3)
  14 manticores
  12 salamanders
  10 cyclopes
  4 orc sorcerers
  5 shining eyes
  A moth of wrath (shapeshifter) (Vaults:4)
  A shock serpent zombie (Crypt:1)
  A worldbinder (Abyss:2)
  12 merfolk sirens
  Maurice (D:9)
  2 frost giant skeletons
  5 rust devils
  33 black mambas
  23 vault sentinels
  2 human skeletons
  4 smoke demons
  A stone giant skeleton (Crypt:1)
  A fire giant skeleton (Crypt:2)
  3 centaur zombies
  27 naga magi
  Joseph (D:8)
  15 elephants
  6 water nymphs
  A torpor snail (Lair:6)
  2 guardian serpents
  A dire elephant zombie (Abyss:2)
  15 spiny frogs
  An eye of devastation (Slime:5)
  2 gargoyles
  An orange demon (Abyss:2)
  A kobold demonologist (Depths:4)
  2 demonic crawlers
  An efreet (D:14)
  A swamp worm zombie (Crypt:1)
  2 hellions
  97 yaktaurs
  20 freezing wraiths
  6 komodo dragons
  2 guardian mummies
  An entropy weaver simulacrum (Vaults:2)
  A komodo dragon (shapeshifter) (Vaults:5)
  5 hellwings (Abyss:2)
  2 ice devils
  A purple draconian skeleton (Crypt:3)
  2 rime drakes (Lair:5)
  7 tengu conjurers
  3 hydra zombies
  6 hornets
  9 trolls
  41 merfolk
  A wind drake (shapeshifter) (Depths:3)
  A merfolk (shapeshifter) (Vaults:4)
  3 red devils
  4 polar bears
  Prince Ribbit (Lair:3)
  2 harpy skeletons
  A polar bear (shapeshifter) (Vaults:3)
  48 slime creatures
  5 wind drakes
  3 harpy zombies (Shoals:3)
  A raiju (shapeshifter) (Vaults:2)
  4 alligator zombies (Hell)
  3 bog bodies
  4 raiju (Abyss:2)
  5 snapping turtles
  5 ettin zombies
  23 blink frogs
  11 hippogriffs
  2 hippogriffs (shapeshifter)
  3 frost giant simulacra
  9 dream sheep
  11 redbacks
  3 vampires
  An alligator skeleton (Hell)
  22 flying skulls
  16 shadows
  10 air elementals
  6 spriggans
  2 fire bats (Abyss:2)
  A tarantella (Vaults:1)
  A ynoxinul (Abyss:2)
  12 water elementals
  46 yaks
  A fire dragon skeleton (Hell)
  A dire elephant simulacrum (Crypt:1)
  2 ettin skeletons (Vaults:2)
  11 fire elementals
  A hog (shapeshifter) (Depths:3)
  4 basilisks
  5 hungry ghosts
  A human simulacrum (Vaults:2)
  7 wyverns
  2 humans (shapeshifter)
  14 wraiths
  Grum (Lair:1)
  4 vampire mosquitoes (D:8)
  A small abomination (Abyss:2)
  A neqoxec (Depths:3)
  Edmund (D:5)
  3 steam dragons
  31 nagas
  7 wargs
  19 soldier ants
  2 acid dragons
  A spectral snapping turtle (Crypt:3)
  A glowing shapeshifter zombie (Crypt:2)
  2 spatial vortices (Abyss:2)
  10 porcupines
  18 water moccasins
  2 floating eyes
  15 hell hounds
  2 spiny frog zombies (Hell)
  A hydra simulacrum (Hell)
  A deep troll skeleton (Crypt:1)
  A manticore zombie (Crypt:1)
  42 orc warriors
  A spiny frog skeleton (Crypt:1)
  7 necrophages
  A black bear (Lair:6)
  2 swamp dragon zombies
  2 human zombies
  2 eyes of draining
  4 phantoms
  4 sky beasts
  4 ice beasts
  A boggart (Vaults:1)
  A hornet zombie (D:15)
  30 centaurs
  17 crocodiles
  35 ogres
  11 wolves
  A swamp dragon skeleton (Crypt:1)
  A torpor snail zombie (Crypt:2)
  3 big kobolds
  23 bullfrogs
  3 gnoll sergeants
  A hippogriff zombie (Shoals:3)
  4 earth elementals
  A glowing shapeshifter simulacrum (Vaults:1)
  2 wyvern zombies
  A queen bee zombie (Crypt:3)
  A wyvern skeleton (D:15)
  3 troll zombies (D:11)
  12 killer bees
  4 scorpions
  4 howler monkeys
  12 wights
  2 electric eels (Lair:3)
  2 bullfrog zombies
  3 quasits
  9 crimson imps
  5 jellies
  A gnoll shaman (D:9)
  11 hounds
  33 orc wizards
  12 centaur skeletons
  23 orc priests
  8 iron imps
  9 bullfrog skeletons
  A demonspawn zombie (Crypt:1)
  8 iguanas
  Ijyb (D:2)
  Terence (D:2)
  2 hell rats (D:13)
  29 worker ants
  A dwarf zombie (Crypt:1)
  5 ogre zombies (D:11)
  A hound zombie (D:6)
  A naga skeleton (Crypt:1)
  An ogre skeleton (Crypt:3)
  2 crocodile skeletons
  12 mummies (Crypt:3)
  A worker ant zombie (D:7)
  3 howler monkey skeletons
  31 gnolls
  16 adders
  4 river rats (D:13)
  8 shadow imps
  A white imp (Depths:3)
  2 ufetubi (Depths:3)
  7 oozes
  2 adder zombies
  An iguana skeleton (Crypt:3)
  4 worms
  3 dart slugs
  23 leopard geckos
  111 orcs
  11 ball pythons
  18 giant cockroaches
  A gnoll zombie (Crypt:2)
  3 hobgoblins
  21 jackals
  2 quokkas
  6 bats
  16 frilled lizards
  5 goblins
  5 goblin skeletons
  5 goblin zombies (D:11)
  3 hobgoblin zombies (D:11)
  10 kobolds
  A leopard gecko skeleton (D:5)
  An orc skeleton (D:11)
  13 orc zombies
  11 rats
  A rat skeleton (Crypt:2)
  A river rat skeleton (Crypt:2)
  2 crawling corpses (Elf:3)
  6 fungi
  A lurking horror (Abyss:2)
  12 plants
  6 tentacles (Shoals:4)
2850 creatures vanquished.

Vanquished Creatures (others)
  6 dancing weapons
  A deep elf archer (Elf:2)
  A necromancer (Vaults:2)
  2 deep elf magi
  A water elemental (Shoals:2)
  A naga (Snake:4)
  A hell hound (Hell)
  A human simulacrum (Hell)
  2 orcs (Elf:3)
  A bush (Shoals:1)
  17 fungi
  22 plants
  2 starspawn tentacles (Abyss:2)
  2 tentacles (Shoals:4)
60 creatures vanquished.

Grand Total: 2910 creatures vanquished

Notes
Turn   | Place    | Note
-------+----------+-------------------------------------------
     0 | D:1      | Jerry the Hill Orc Fighter began the quest for the Orb.
     0 | D:1      | Reached XP level 1. HP: 19/19 MP: 1/1
   117 | D:1      | Reached XP level 2. HP: 25/27 MP: 2/2
   511 | D:1      | Reached XP level 3. HP: 30/33 MP: 3/3
  1052 | D:2      | Reached XP level 4. HP: 36/40 MP: 4/4
  1653 | D:3      | Noticed Terence
  1697 | D:2      | Killed Terence
  1785 | D:2      | Reached XP level 5. HP: 47/47 MP: 5/5
  2115 | D:3      | Noticed Ijyb
  2145 | D:2      | Killed Ijyb
  2245 | D:3      | Reached XP level 6. HP: 55/55 MP: 6/6
  2458 | D:4      | Reached skill level 5 in Fighting
  2458 | D:4      | Reached skill level 5 in Axes
  2467 | D:4      | Found a glowing golden altar of the Shining One.
  2492 | D:4      | Found an opulent altar of Gozag.
  2508 | D:4      | Became a worshipper of Gozag Ym Sagoz the Greedy
  3128 | D:4      | Reached XP level 7. HP: 58/61 MP: 7/7
  3131 | D:4      | Reached skill level 5 in Armour
  3191 | D:4      | Reached skill level 5 in Shields
  3602 | D:5      | Entered Level 5 of the Dungeon
  3614 | D:5      | Noticed Edmund
  3796 | D:5      | Killed Edmund
  3796 | D:5      | Reached XP level 8. HP: 69/71 MP: 8/8
  4329 | D:5      | Found an iron altar of Okawaru.
  4330 | D:5      | Found a glowing silver altar of Zin.
  4426 | D:6      | Found a staircase to the Ecumenical Temple.
  4883 | D:6      | Reached XP level 9. HP: 62/81 MP: 9/9
  5056 | D:6      | Found a glowing drain.
  5072 | Sewer    | Entered a sewer
  5425 | Sewer    | Got a fine hand axe
  5438 | Sewer    | Identified the +8 hand axe "Poechuil" {protect, Int+4 Dex+2} (You found it in a sewer)
  6482 | D:7      | Reached skill level 10 in Axes
  7075 | D:7      | Identified a scroll of acquirement
  7318 | D:8      | Reached XP level 10. HP: 86/93 MP: 10/10
  7461 | D:8      | Reached skill level 10 in Fighting
  7473 | D:8      | Noticed Joseph
  7483 | D:8      | Killed Joseph
  8449 | D:9      | Reached skill level 10 in Armour
  8779 | D:9      | Noticed a deep elf archer
  8808 | D:9      | Killed a deep elf archer
  8808 | D:9      | Reached XP level 11. HP: 84/102 MP: 11/11
  9193 | D:9      | Noticed Maurice
  9201 | D:9      | Killed Maurice
  9322 | D:9      | Found a staircase to the Lair.
  9656 | Lair:1   | Entered Level 1 of the Lair of Beasts
  9923 | Lair:1   | Noticed Grum
  9936 | Lair:1   | Killed Grum
 10112 | Lair:1   | Noticed a five-headed hydra
 10280 | Lair:1   | Killed a five-headed hydra
 10377 | Lair:1   | Noticed Sonja
 10799 | Lair:1   | Killed Sonja
 11084 | Lair:1   | Noticed Gastronok
 11096 | Lair:1   | Killed Gastronok
 11096 | Lair:1   | Reached XP level 12. HP: 112/115 MP: 12/12
 11272 | Lair:2   | Noticed loom's ghost (journeyman GrEE)
 11303 | Lair:2   | Killed loom's ghost
 11597 | Lair:2   | Noticed a five-headed hydra
 11612 | Lair:2   | Killed a five-headed hydra
 11638 | Lair:2   | Noticed Erica
 11804 | Lair:2   | Killed Erica
 12093 | Lair:2   | Reached skill level 1 in Maces & Flails
 12421 | Lair:2   | Found a staircase to the Snake Pit.
 12706 | Lair:2   | Noticed a queen ant
 12717 | Lair:2   | Killed a queen ant
 12717 | Lair:2   | Reached skill level 5 in Maces & Flails
 12717 | Lair:2   | Reached XP level 13. HP: 70/125 MP: 13/13
 13140 | Lair:2   | Got a steaming scarf
 13557 | Lair:2   | Identified the scarf "Toogebbic" {rC++ MR+++ Str+2 Int-2} (You found it on level 2 of the Lair of Beasts)
 14171 | Lair:3   | Noticed Prince Ribbit
 14175 | Lair:3   | Killed Prince Ribbit
 14176 | Lair:3   | Found a staircase to the Shoals.
 14982 | Lair:3   | Bought the ring "Jiuda" {rF+ SInv} for 319 gold pieces
 14982 | Lair:3   | Bought an uncursed ring of poison resistance for 220 gold pieces
 14982 | Lair:3   | Bought a cursed ring of loudness for 49 gold pieces
 15339 | Lair:4   | Reached skill level 15 in Fighting
 15835 | Lair:4   | Bought a cursed amulet of inaccuracy for 28 gold pieces
 15844 | Lair:4   | Bought the ring of Due Proportion {rElec rPois rF+ rN+} for 678 gold pieces
 16534 | Lair:5   | Noticed Rupert
 16543 | Lair:5   | Killed Rupert
 16883 | Lair:6   | Entered Level 6 of the Lair of Beasts
 16911 | Lair:6   | Reached XP level 14. HP: 111/136 MP: 14/14
 17302 | Lair:6   | Found a dark tunnel.
 17306 | Volcano  | Entered a volcano
 17783 | Lair:6   | Reached skill level 1 in Dodging
 17801 | Lair:6   | Reached skill level 10 in Maces & Flails
 18279 | Lair:6   | Reached skill level 15 in Armour
 18950 | Lair:6   | Found a staircase to the Slime Pits.
 18950 | Lair:6   | Found a viscous altar of Jiyva.
 19258 | D:10     | Entered Level 10 of the Dungeon
 19442 | D:10     | Learned a level 2 spell: Blink
 19646 | D:10     | Found a sacrificial altar of Ru.
 20139 | D:11     | Found a staircase to the Orcish Mines.
 20302 | D:11     | Found Herusch's Antique Armour Boutique.
 20317 | D:11     | Bought a runed hat for 175 gold pieces
 20681 | D:11     | Reached XP level 15. HP: 144/144 MP: 15/15
 21456 | Orc:1    | Entered Level 1 of the Orcish Mines
 21472 | Orc:1    | Noticed Erolcha
 21485 | Orc:1    | Killed Erolcha
 22184 | Orc:2    | Entered Level 2 of the Orcish Mines
 22220 | Orc:2    | Found Dedistrienk's Jewellery Boutique.
 22223 | Orc:2    | Noticed crossborder's ghost (journeyman GrMo)
 22830 | Orc:2    | Found a roughly hewn altar of Beogh.
 22835 | Orc:2    | Found a staircase to the Elven Halls.
 23009 | Orc:2    | Killed crossborder's ghost
 23856 | Orc:2    | Reached skill level 5 in Dodging
 23866 | Orc:2    | Found Iwiqairr's Weapon Emporium.
 23866 | Orc:2    | Found Vonlysh's Jewellery Shop.
 23868 | Orc:2    | Found Keixim's Jewellery Shop.
 23868 | Orc:2    | Found Piky's Book Emporium.
 23876 | Orc:2    | Bought a cursed ring of teleportation for 58 gold pieces
 24188 | D:13     | Found Zischero's Antique Armour Shop.
 24242 | D:13     | Found Nicsiol's Weapon Emporium.
 24279 | D:13     | Bought a pair of runed gloves for 255 gold pieces
 25550 | D:14     | Found Solaiwna's Gadget Shop.
 25556 | D:14     | Bought a wand of digging (11/24) for 570 gold pieces
 25906 | D:14     | Reached XP level 16. HP: 148/155 MP: 13/16
 27193 | D:14     | Found a gate to the Vaults.
 27242 | D:14     | Bought a glowing plate armour for 702 gold pieces
 27242 | D:14     | Bought a glowing helmet for 202 gold pieces
 27297 | D:15     | Entered Level 15 of the Dungeon
 27949 | D:15     | Found a glowing silver altar of Zin.
 28311 | D:15     | Found a staircase to the Depths.
 29234 | Shoals:1 | Entered Level 1 of the Shoals
 30688 | Slime:1  | Entered Level 1 of the Pits of Slime
 30800 | Snake:1  | Entered Level 1 of the Snake Pit
 31059 | Snake:1  | Noticed Asterion
 31113 | Snake:1  | Killed Asterion
 31113 | Snake:1  | Reached XP level 17. HP: 130/166 MP: 12/17
 31453 | Snake:1  | Noticed Nikola
 31464 | Snake:1  | Killed Nikola
 31464 | Snake:1  | Reached skill level 15 in Axes
 31548 | Snake:1  | Noticed Roxanne
 31581 | Snake:1  | Killed Roxanne
 31586 | Snake:1  | Learned a level 1 spell: Animate Skeleton
 31588 | Snake:1  | Learned a level 1 spell: Apportation
 31595 | Snake:1  | Learned a level 6 spell: Statue Form
 32246 | Snake:1  | Learned a level 6 spell: Iron Shot
 32823 | Snake:2  | Got a smoking broad axe
 32824 | Snake:2  | Identified the cursed +1 broad axe of Animal Spirits {protect, +Fly} (You found it on level 2 of the Snake Pit)
 34343 | Snake:3  | Noticed Vashnia
 34363 | Snake:3  | Killed Vashnia
 34812 | Snake:4  | Entered Level 4 of the Snake Pit
 34847 | Snake:4  | Reached XP level 18. HP: 151/176 MP: 12/18
 34856 | Snake:4  | Noticed Aizul
 34942 | Snake:3  | Killed Aizul
 35422 | Snake:4  | Reached skill level 10 in Dodging
 35543 | Snake:4  | Noticed Saint Roka
 35575 | Snake:4  | Killed Saint Roka
 35587 | Snake:4  | Noticed Mara
 35882 | Snake:4  | Found a glowing golden altar of the Shining One.
 35912 | Snake:4  | Noticed Jerry's illusion
 36142 | Snake:3  | Killed Mara
 37348 | Snake:4  | Got a serpentine rune of Zot
 37984 | D:14     | Bought the +8 orange crystal plate armour {Archmagi, Int+3 Clar} for 2023 gold pieces
 38255 | Lair:4   | Bought the cursed ring "Dufyrug" {rF+ rC+ AC-2 Str+3 Slay+2 SInv} for 509 gold pieces
 38333 | Shoals:1 | Bought a +6 battleaxe of electrocution for 578 gold pieces
 38592 | Shoals:2 | Reached XP level 19. HP: 144/185 MP: 16/20
 38617 | Shoals:2 | Reached skill level 1 in Spellcasting
 39025 | Shoals:2 | Learned a level 3 spell: Lesser Beckoning
 39606 | Shoals:3 | Reached skill level 1 in Translocations
 40507 | Shoals:4 | Entered Level 4 of the Shoals
 40591 | Shoals:4 | Noticed Ilsuiw
 41418 | Shoals:4 | Killed Ilsuiw
 41897 | Shoals:4 | Got a scintillating bronze ring
 41931 | Shoals:4 | Got a barnacled rune of Zot
 43244 | Shoals:4 | Identified the ring "Igyrch" {*Contam rC+ Int+2 Stlth+} (You took it off a merfolk on level 4 of the Shoals)
 43600 | Vaults:1 | Entered Level 1 of the Vaults
 43688 | Vaults:1 | Reached XP level 20. HP: 193/193 MP: 26/26
 44634 | Vaults:1 | Reached skill level 5 in Spellcasting
 45136 | Vaults:1 | Reached skill level 5 in Translocations
 45395 | Vaults:1 | Got a spiked chain mail
 45396 | Vaults:1 | Identified the +2 chain mail of Gallantry {rC+} (You found it on level 1 of the Vaults)
 46279 | Vaults:2 | Noticed Boris
 46294 | Vaults:2 | Killed Boris
 46296 | Vaults:2 | Reached XP level 21. HP: 201/201 MP: 29/29
 47636 | Vaults:3 | Found Kevy's Antique Weapon Emporium.
 47648 | Vaults:3 | Got an ichor-stained chain mail
 47649 | Vaults:3 | Identified the +2 chain mail "Gerphush" {*Slow rPois Regen+ Str+6} (You found it on level 3 of the Vaults)
 47793 | Vaults:3 | Found a shattered altar of Ashenzari.
 48071 | Vaults:3 | Found a staircase to the Crypt.
 48776 | Vaults:3 | Identified the Almanac of Translocation and Poisoning
 49340 | Vaults:4 | Reached XP level 22. HP: 189/211 MP: 27/32
 50720 | Depths:1 | Entered Level 1 of the Depths
 50720 | Depths:1 | Found a one-way gate to the infinite horrors of the Abyss.
 51958 | Depths:1 | Found a glowing golden altar of the Shining One.
 52002 | Depths:1 | Found a gateway to Hell.
 52338 | Depths:1 | Reached XP level 23. HP: 216/220 MP: 32/34
 52463 | Depths:2 | Got a brightly glowing broad axe
 52464 | Depths:2 | Identified the +6 broad axe "Ecahi" {chaos, rC+ MR+ MP+9} (You found it on level 2 of the Depths)
 52485 | Depths:2 | Found a gateway to a ziggurat.
 53284 | Depths:2 | Got a crude helmet
 53285 | Depths:2 | Identified the +3 helmet of Narcissism {+Fly rPois Dex+3} (You found it on level 2 of the Depths)
 54115 | Depths:3 | Noticed a caustic shrike
 54121 | Depths:3 | Noticed a golden dragon
 54125 | Depths:3 | Killed a caustic shrike
 54130 | Depths:3 | Killed a golden dragon
 54241 | Depths:3 | Got a shimmering dagger
 54242 | Depths:3 | Identified the +11 dagger of Causality {elec, rF+} (You found it on level 3 of the Depths)
 54382 | Depths:3 | Noticed the Enchantress
 54472 | Depths:3 | Killed the Enchantress
 54475 | Depths:3 | Got faerie dragon scales
 54476 | Depths:3 | Identified the +4 faerie dragon scales {rN+ rCorr MP+9 Str-4 Slay+2} (You took it off the Enchantress on level 3 of the Depths)
 54541 | Depths:3 | Found a one-way gate leading to the halls of Pandemonium.
 54586 | Depths:3 | Noticed Margery
 54609 | Depths:3 | Killed Margery
 55049 | Depths:3 | Got a transparent whip
 55050 | Depths:3 | Identified the +1 whip of Ottahaeq {slash, rPois rF+ Dex+3 Stlth+} (You found it on level 3 of the Depths)
 55061 | Depths:3 | Noticed Jorgrun
 55070 | Depths:3 | Killed Jorgrun
 55395 | Depths:4 | Reached XP level 24. HP: 209/229 MP: 32/35
 56598 | Depths:4 | Noticed a juggernaut
 56614 | Depths:4 | Killed a juggernaut
 57100 | Depths:5 | Entered Level 5 of the Depths
 57300 | Depths:5 | Noticed a juggernaut
 58371 | Depths:5 | Reached skill level 10 in Translocations
 58917 | Depths:5 | Reached XP level 25. HP: 222/238 MP: 32/35
 59160 | Depths:5 | Killed a juggernaut
 59367 | Depths:5 | Got a bound granite ring
 59372 | Depths:5 | Got a warped broad axe
 59373 | Depths:5 | Identified the ring of Free Expression {rF+ rC+ rN+ MR+ Stlth-} (You took it off a tengu conjurer on level 5 of the Depths)
 59374 | Depths:5 | Identified the cursed +2 broad axe of Articulation {chop, rF- rN++ Dex+7} (You found it on level 5 of the Depths)
 59597 | Depths:5 | Found a gate to the Realm of Zot.
 59890 | Depths:5 | Learned a level 4 spell: Passage of Golubria
 59894 | Depths:5 | Learned a level 3 spell: Gell's Gravitas
 59897 | Depths:5 | Learned a level 2 spell: Shroud of Golubria
 59907 | Depths:5 | Bought a scroll of teleportation for 123 gold pieces
 59909 | Depths:5 | Bought a pitted jade ring for 195 gold pieces
 59911 | Depths:5 | Identified the ring "Ustikli" {rPois MR+ Str+2 Stlth+} (You bought it in a shop on level 5 of the Depths)
 59917 | Depths:5 | Bought a scroll of magic mapping for 42 gold pieces
 59917 | Depths:5 | Bought a scroll of identify for 24 gold pieces
 59917 | Depths:5 | Bought a scroll of summoning for 114 gold pieces
 59917 | Depths:5 | Bought a scroll of blinking for 90 gold pieces
 60228 | Vaults:5 | Entered Level 5 of the Vaults
 60264 | Vaults:5 | Reached skill level 1 in Necromancy
 60438 | Vaults:5 | Got a scorched wooden ring
 60439 | Vaults:5 | Identified the ring "Rilozif" {Int+3 Stlth+} (You found it on level 5 of the Vaults)
 61449 | Vaults:5 | Noticed an ancient lich
 61449 | Vaults:5 | Reached XP level 26. HP: 227/249 MP: 35/36
 61742 | Vaults:5 | Got a heavily runed steel ring
 61743 | Vaults:5 | Identified the ring of Eternal Night {MR+ EV+2 Int+2} (You found it on level 5 of the Vaults)
 61793 | Vaults:5 | Gained mutation: You are clumsy. (Dex -2) [a cacodemon]
 61795 | Vaults:5 | Lost mutation: You are clumsy. (Dex -2) [potion of mutation]
 61795 | Vaults:5 | Gained mutation: Your magical capacity is low. (-10% MP) [potion of mutation]
 61795 | Vaults:5 | Gained mutation: Your flesh is cold resistant. (rC+) [potion of mutation]
 61805 | Vaults:5 | Killed an ancient lich
 62076 | Vaults:5 | Reached skill level 5 in Necromancy
 62396 | Vaults:5 | Reached skill level 10 in Spellcasting
 62665 | Vaults:5 | Identified the Handbook of Venom
 62850 | Vaults:5 | Got a silver rune of Zot
 62852 | Vaults:5 | Got a pair of steaming gloves
 62853 | Vaults:5 | Identified the +1 pair of gloves of the Heavens {rF- Int+3 Dex+4} (You found it on level 5 of the Vaults)
 63178 | Vaults:5 | Bought the +2 cloak of the Monkey {rC+ Regen+ Str+3} for 556 gold pieces
 63192 | Vaults:5 | Bought the ring "Acsor" {rPois rF++ rC+ Stlth+} for 977 gold pieces
 63192 | Vaults:5 | Bought the ring of Uruxt {rCorr rElec Dex+3} for 725 gold pieces
 63471 | Hell     | Entered the Vestibule of Hell
 63471 | Hell     | Noticed Geryon
 64097 | Depths:1 | Reached skill level 15 in Dodging
 64329 | Hell     | Noticed Murray
 64333 | Hell     | Killed Geryon
 64458 | Depths:1 | Killed Murray
 65027 | Lair:4   | Bought the amulet of the Four Winds {rN+ MR+++ Clar} for 658 gold pieces
 65397 | Hell     | Cast into level 2 of the Abyss (hell knight)
 65665 | Abyss:2  | Noticed an ancient lich
 65682 | Abyss:2  | Killed an ancient lich
 65803 | Hell     | Escaped the Abyss
 65897 | Hell     | Found a gateway to the ashen valley of Gehenna.
 66097 | Hell     | Reached XP level 27. HP: 242/259 MP: 34/34
 66354 | Hell     | Found a gateway to the freezing wastes of Cocytus.
 66409 | Hell     | Found a gateway to the Iron City of Dis.
 66543 | Hell     | Found a gateway to the decaying netherworld of Tartarus.
 66795 | Elf:1    | Entered Level 1 of the Elven Halls
 66860 | Elf:1    | Found Nuleih's Book Shop.
 66897 | Elf:1    | Noticed Louise
 66911 | Elf:1    | Killed Louise
 67131 | Elf:1    | Found Usid Fia's Assorted Antiques.
 67140 | Elf:1    | Found Dieconoj's Armour Boutique.
 67140 | Elf:1    | Found Tyschu's Armour Shop.
 67155 | Elf:1    | Found Esug's Armour Shop.
 67157 | Elf:1    | Bought a runed helmet for 142 gold pieces
 67837 | Elf:1    | Bought the +1 helmet "Viunkuti" {MR+ Stlth+} for 273 gold pieces
 68145 | Crypt:1  | Entered Level 1 of the Crypt
 69509 | Crypt:2  | Found a basalt altar of Yredelemnul.
 70059 | Crypt:2  | Found an ancient bone altar of Kikubaaqudgha.
 70163 | Crypt:3  | Entered Level 3 of the Crypt
 70352 | Crypt:3  | Found a shimmering altar of Xom.
 70551 | Crypt:3  | Got a smoking plate armour
 70552 | Crypt:3  | Identified the +14 plate armour "Gieqima" {rElec Dex+3 SInv Stlth-} (You found it on level 3 of the Crypt)
 70554 | Crypt:3  | Got a shimmering bronze ring
 70555 | Crypt:3  | Identified the ring of Buxeill {+Fly Dex+2 Stlth-} (You found it on level 3 of the Crypt)
 70583 | Crypt:3  | Got an ichor-stained hand axe
 70584 | Crypt:3  | Identified the +6 hand axe of Bazuzag {drain, rPois rF- Str+5 Dex+4} (You found it on level 3 of the Crypt)
 71372 | Crypt:3  | Found a staircase to the Tomb.
 71725 | Crypt:2  | Bought a bread ration for 65 gold pieces
 71725 | Crypt:2  | Bought a royal jelly for 26 gold pieces
 71725 | Crypt:2  | Bought a meat ration for 65 gold pieces
 71725 | Crypt:2  | Bought a royal jelly for 26 gold pieces
 71725 | Crypt:2  | Bought a royal jelly for 26 gold pieces
 71725 | Crypt:2  | Bought a bread ration for 65 gold pieces
 71725 | Crypt:2  | Bought a bread ration for 65 gold pieces
 71725 | Crypt:2  | Bought a bread ration for 65 gold pieces
 71725 | Crypt:2  | Bought a royal jelly for 26 gold pieces
 71725 | Crypt:2  | Bought 2 fruits for 39 gold pieces
 71730 | Crypt:2  | Fell from the grace of Gozag
 71730 | Crypt:2  | Became a worshipper of Kikubaaqudgha
 72117 | Elf:2    | Found Peekuabe's Armour Shoppe.
 72139 | Elf:2    | Found Ezopsuikh's Armour Shoppe.
 72169 | Elf:2    | Found Synefod's Armour Shop.
 72239 | Elf:2    | Found a flickering gateway to a bazaar.
 72249 | Bazaar   | Entered a bazaar
 72249 | Bazaar   | Found Yjey's General Store.
 72249 | Bazaar   | Found Jeckaem's Armour Shop.
 72254 | Bazaar   | Found Xydghuto's Book Boutique.
 72257 | Bazaar   | Bought a +1 pair of boots of running for 365 gold pieces
 72278 | Bazaar   | Found Nagedeho's Distillery.
 72296 | Bazaar   | Bought a potion of haste for 120 gold pieces
 72296 | Bazaar   | Bought a potion of agility for 48 gold pieces
 72321 | Bazaar   | Bought 2 potions of mutation for 192 gold pieces
 72321 | Bazaar   | Bought a potion of heal wounds for 60 gold pieces
 72321 | Bazaar   | Bought a potion of heal wounds for 60 gold pieces
 72321 | Bazaar   | Bought a potion of heal wounds for 60 gold pieces
 72327 | Bazaar   | Bought a scroll of identify for 36 gold pieces
 72345 | Bazaar   | Bought a book of Summonings for 700 gold pieces
 72351 | Bazaar   | Learned a level 5 spell: Aura of Abjuration
 72564 | Elf:2    | Found Aroali's Antique Weapon Shop.
 72579 | Elf:2    | Identified the Catalogue of Snow
 72589 | Elf:2    | Reached skill level 1 in Summonings
 72744 | Elf:2    | Got a smoking battleaxe
 72745 | Elf:2    | Identified the +5 battleaxe "Nioticun" {drain, *Slow MR+ Str+4 Dex+3} (You found it on level 2 of the Elven Halls)
 72749 | Elf:2    | Found a huge runed gate.
 72749 | Elf:2    | Found a huge runed gate.
 72749 | Elf:2    | Found a huge runed gate.
 72749 | Elf:2    | Found a huge runed gate.
 72749 | Elf:2    | Found a huge runed gate.
 72887 | Elf:2    | Reached * piety under Kikubaaqudgha
 72887 | Elf:2    | Identified Kikubaaqudgha's Catalogue of Stolen Souls (Kikubaaqudgha gifted it to you on level 2 of the Elven Halls)
 72887 | Elf:2    | Received a gift from Kikubaaqudgha
 73341 | Elf:2    | Learned a level 2 spell: Sublimation of Blood
 73345 | Elf:2    | Learned a level 3 spell: Regeneration
 73351 | Elf:2    | Learned a level 5 spell: Summon Forest
 73419 | Elf:3    | Entered Level 3 of the Elven Halls
 73632 | Elf:3    | Reached ** piety under Kikubaaqudgha
 73955 | Elf:3    | Got a bound jade ring
 74191 | Elf:3    | Reached skill level 5 in Summonings
 74274 | Elf:3    | Got a coiled lapis lazuli ring
 74310 | Elf:3    | Learned a level 4 spell: Animate Dead
 74331 | Elf:3    | Identified the ring of Qesteh {rPois rF+ Str-5 Int+4 Stlth+} (You took it off a deep elf demonologist on level 3 of the Elven Halls)
 74491 | Elf:3    | Found Yxaug's Magic Scroll Shoppe.
 74530 | Elf:3    | Bought a scroll of identify for 22 gold pieces
 74530 | Elf:3    | Bought a scroll of identify for 22 gold pieces
 74530 | Elf:3    | Identified the cursed ring "Ifuepnat" {*Corrode rElec rPois rC+ Str-4} (You found it on level 3 of the Elven Halls)
 74898 | Elf:2    | Bought the cursed +0 cloak of the Invisible Hand {*Drain rCorr Int+4} for 219 gold pieces
 75097 | D:9      | Reached *** piety under Kikubaaqudgha
 75097 | D:9      | Identified Kikubaaqudgha's Disquisition on Dark Magic (Kikubaaqudgha gifted it to you on level 9 of the Dungeon)
 75097 | D:9      | Received a gift from Kikubaaqudgha
 75108 | D:9      | Learned a level 6 spell: Death Channel
 75770 | Slime:1  | Gained mutation: You are occasionally teleported next to monsters. [a shining eye]
 75777 | Slime:1  | Gained mutation: Scrolls take you a little longer to read. [a shining eye]
 75951 | Slime:4  | Noticed Dissolution
 75961 | Slime:4  | Killed Dissolution
 76017 | Slime:5  | Entered Level 5 of the Pits of Slime
 76032 | Slime:5  | Gained mutation: Armour fits poorly on your strangely shaped body. [a shining eye]
 76033 | Slime:5  | Reached skill level 10 in Necromancy
 76039 | Slime:5  | Gained mutation: You are weak. (Str -2) [a shining eye]
 76052 | Slime:4  | Lost mutation: Scrolls take you a little longer to read. [potion of mutation]
 76052 | Slime:4  | Lost mutation: Your flesh is cold resistant. (rC+) [potion of mutation]
 76052 | Slime:4  | Lost mutation: You are weak. (Str -2) [potion of mutation]
 76052 | Slime:4  | Lost mutation: You are occasionally teleported next to monsters. [potion of mutation]
 76052 | Slime:4  | Gained mutation: You have sharp toenails. [potion of mutation]
 76052 | Slime:4  | Gained mutation: You possess an exceptional clarity of mind. [potion of mutation]
 76053 | Slime:4  | Lost mutation: Armour fits poorly on your strangely shaped body. [potion of mutation]
 76053 | Slime:4  | Lost mutation: You have sharp toenails. [potion of mutation]
 76053 | Slime:4  | Lost mutation: Your magical capacity is low. (-10% MP) [potion of mutation]
 76053 | Slime:4  | Lost mutation: You possess an exceptional clarity of mind. [potion of mutation]
 76053 | Slime:4  | Gained mutation: You possess an exceptional clarity of mind. [potion of mutation]
 76053 | Slime:4  | Gained mutation: You have a pair of small antennae on your head. [potion of mutation]
 76054 | Slime:4  | Lost mutation: You possess an exceptional clarity of mind. [potion of mutation]
 76054 | Slime:4  | Gained mutation: You have sharp toenails. [potion of mutation]
 76054 | Slime:4  | Gained mutation: Your muscles are strong. (Str +2) [potion of mutation]
 76054 | Slime:4  | Gained mutation: Your movements are slightly less encumbered by armour. (ER -2) [potion of mutation]
 76755 | Slime:5  | Noticed the Royal Jelly
 76777 | Slime:5  | HP: 13/265 [the Royal Jelly (50)]
 76777 | Slime:5  | HP: 3/265 [the Royal Jelly (6)]
 76777 | Slime:5  | Splashed by the Royal Jelly's acid

Skill      XL: |  1  2  3  4  5  6  7  8  9 10 11 12 13 14 15 16 17 18 19 20 21 22 23 24 25 26 27 |
---------------+----------------------------------------------------------------------------------+-----
Axes           | 3 4 5 6 8 10 12 13 14 16 17 19 20 21 22 23 24 25 | 25.5
Fighting       | 4 5 6 8 9 11 13 14 15 16 17 18 19 20 21 22 23 25 | 25.0
Shields        | 4 5 |  5.4
Armour         | 4 5 7 8 10 12 13 14 15 16 17 18 19 20 21 22 23 24 | 24.7
Maces & Flails | 5 8 12 | 12.0
Dodging        | 3 6 8 9 10 11 12 13 14 15 18 | 18.1
Spellcasting   | 4 5 6 7 8 9 10 11 | 11.4
Translocations | 3 5 7 8 9 10 | 10.3
Necromancy     | 4 7 10 | 10.2
Summonings     | 6 |  6.6

Action                   |  1- 3 |  4- 6 |  7- 9 | 10-12 | 13-15 | 16-18 | 19-21 | 22-24 | 25-27 || total
-------------------------+-------+-------+-------+-------+-------+-------+-------+-------+-------++-------
Melee: War axe           |    94 |   229 |   375 |       |       |       |       |       |       ||   698
       Shillelagh        |       |       |    60 |   393 |  1131 |  1054 |       |       |       ||  2638
       Hand axe          |       |       |    36 |       |    37 |    18 |       |       |       ||    91
       Broad axe         |       |       |       |       |       |    12 |       |       |       ||    12
       Battleaxe         |       |       |       |       |       |    40 |  1276 |  1262 |  2256 ||  4834
Throw: Tomahawk          |       |       |       |     4 |       |       |       |       |       ||     4
 Cast: Lesser Beckoning  |       |       |       |       |       |       |       |     1 |    13 ||    14
       Passage of Golubr |       |       |       |       |       |       |       |       |     3 ||     3
       Shroud of Golubri |       |       |       |       |       |       |       |       |     3 ||     3
       Animate Skeleton  |       |       |       |       |       |       |       |       |     5 ||     5
Invok: Call Merchant     |       |       |       |       |     3 |     4 |       |       |     6 ||    13
 Abil: Stop Flying       |       |       |     1 |       |     1 |     1 |     1 |     1 |     1 ||     6
       Evoke Flight      |       |       |       |       |     1 |     2 |       |     1 |     1 ||     5
Evoke: Wand              |       |       |       |    18 |     7 |     3 |     6 |     1 |       ||    35
  Use: Scroll            |       |       |    12 |     4 |     7 |    12 |    13 |     8 |    26 ||    82
       Potion            |       |       |     1 |     1 |     2 |     9 |     2 |     1 |    17 ||    33
 Stab: Distracted        |       |       |     1 |     2 |    13 |     6 |    16 |    13 |    13 ||    64
  Eat: Chunk             |     1 |     5 |       |       |       |       |       |       |     9 ||    15
       Royal jelly       |       |       |     4 |     2 |     4 |     2 |     4 |     2 |     2 ||    20
       Meat ration       |       |       |     1 |       |     4 |       |     1 |     5 |     5 ||    16
       Bread ration      |       |       |     1 |       |     3 |     6 |     4 |     1 |     2 ||    17
       Fruit             |       |       |       |    13 |     4 |    10 |     6 |     2 |    10 ||    45
Armor: Scale mail        |    42 |     7 |       |       |       |       |       |       |       ||    49
       Chain mail        |       |   155 |   239 |   211 |   420 |   196 |       |       |       ||  1221
       Plate armour      |       |       |       |       |       |   190 |       |       |   334 ||   524
       Crystal plate arm |       |       |       |       |       |    53 |   873 |   841 |  1078 ||  2845
Dodge: Dodged            |    37 |    66 |   141 |   151 |   274 |   405 |   616 |   620 |  1365 ||  3675
Block: Shield            |    41 |   136 |    34 |       |       |       |       |       |       ||   211
       Buckler           |       |       |    85 |    75 |   196 |   273 |       |       |       ||   629
